[ AOE2 MATCH · #495627353 ]
UnrankedHindustanis vs Portuguese
Rival team · LOSS
[ REPLAY ANALYSIS · EXTRACTED FROM THE RECORDED GAME ]
Feudal
9:49
Castle
25:03
Imperial
37:36
| APM avg | 61.2 |
| APM peak | 103 |
| eAPM avg | 26.8 |
| Villagers / military | 141 / 53 |
Focus
⚔️ 31.9% · 🌾 68.1%
Archer ×23 · Camel Scout ×10 · Scout Cavalry ×9 · Spearman ×3 · Fire Galley ×3 · Monk ×2
Feudal
12:09
Castle
19:47
Imperial
—
| APM avg | 44.3 |
| APM peak | 78 |
| eAPM avg | 16.1 |
| Villagers / military | 63 / 31 |
Focus
⚔️ 31.6% · 🌾 68.4%
Spearman ×9 · Fishing Ship ×8 · Knight ×7 · Organ Gun ×4 · Transport Ship ×4 · Monk ×3
Match map
Initial resources + every placement click. Lines = walls · curves = elevation contours. ◆ gold · ⬟ stone · ● berries · ✦ relic · ◌ wall gap
Your base· Open — unwalled flank
comfrick's base· Open — unwalled flank
Smoothed initial terrain · ◌ = detected wall gap · hover for details
Inputs per minute
— DS_Tortafuller - - comfrick
Build order — DS_Tortafuller
First 150 of 324 actions detected
| 0:01 | Create | Villager (Male) |
| 0:01 | Create | Villager (Male) |
| 0:01 | Create | Villager (Male) |
| 0:01 | Create | Villager (Male) |
| 0:02 | Create | Villager (Male) |
| 0:03 | Build | House |
| 0:05 | Build | House |
| 1:06 | Create | Villager (Male) |
| 1:06 | Create | Villager (Male) |
| 1:33 | Create | Villager (Male) |
| 1:59 | Build | Lumber Camp |
| 2:06 | Create | Villager (Male) |
| 2:50 | Create | Villager (Male) |
| 2:50 | Create | Villager (Male) |
| 2:50 | Create | Villager (Male) |
| 3:15 | Create | Villager (Male) |
| 3:16 | Create | Villager (Male) |
| 3:24 | Build | House |
| 4:05 | Build | Mill |
| 4:10 | Create | Villager (Male) |
| 4:11 | Create | Villager (Male) |
| 4:11 | Create | Villager (Male) |
| 5:01 | Build | Mill |
| 5:34 | Create | Villager (Male) |
| 5:34 | Create | Villager (Male) |
| 6:05 | Build | House |
| 6:13 | Create | Villager (Male) |
| 6:13 | Create | Villager (Male) |
| 6:47 | Build | Farm |
| 6:49 | Build | Farm |
| 7:06 | Research | Loom |
| 7:31 | Research | Feudal Age |
| 8:17 | Create | Villager (Male) |
| 8:30 | Build | Barracks |
| 8:41 | Create | Villager (Male) |
| 9:08 | Build | House |
| 9:49 | Age | Feudal Age |
| 9:55 | Build | Stable |
| 9:57 | Create | Villager (Male) |
| 10:17 | Build | Mill |
| 10:28 | Create | Villager (Male) |
| 10:41 | Create | Villager (Male) |
| 10:41 | Create | Scout Cavalry |
| 10:42 | Create | Scout Cavalry |
| 10:54 | Build | Palisade Wall |
| 10:56 | Create | Villager (Male) |
| 11:08 | Build | Farm |
| 11:10 | Build | Farm |
| 11:11 | Build | Farm |
| 11:16 | Create | Scout Cavalry |
| 11:32 | Build | Watch Tower |
| 11:33 | Create | Villager (Male) |
| 11:56 | Build | House |
| 12:02 | Create | Scout Cavalry |
| 12:22 | Create | Villager (Male) |
| 12:30 | Build | Watch Tower |
| 12:37 | Create | Scout Cavalry |
| 12:39 | Create | Villager (Male) |
| 12:42 | Build | Mining Camp |
| 13:24 | Create | Villager (Male) |
| 13:25 | Create | Villager (Male) |
| 13:35 | Build | Archery Range |
| 13:38 | Create | Villager (Male) |
| 13:45 | Build | House |
| 13:48 | Research | Double-Bit Axe |
| 14:15 | Build | Farm |
| 14:18 | Create | Archer |
| 14:18 | Create | Archer |
| 14:30 | Build | House |
| 14:33 | Create | Villager (Male) |
| 14:38 | Create | Villager (Male) |
| 14:55 | Create | Archer |
| 14:55 | Create | Archer |
| 15:12 | Create | Villager (Male) |
| 15:12 | Create | Villager (Male) |
| 15:13 | Create | Archer |
| 15:30 | Build | Blacksmith |
| 15:39 | Create | Villager (Male) |
| 16:26 | Research | Fletching |
| 16:27 | Create | Villager (Male) |
| 16:34 | Create | Archer |
| 16:35 | Create | Villager (Male) |
| 16:39 | Create | Villager (Male) |
| 16:40 | Build | Mining Camp |
| 16:43 | Build | House |
| 16:54 | Build | House |
| 17:04 | Build | Farm |
| 17:11 | Build | Lumber Camp |
| 17:40 | Create | Archer |
| 17:54 | Create | Villager (Male) |
| 17:59 | Build | Watch Tower |
| 18:01 | Create | Archer |
| 18:06 | Build | House |
| 18:22 | Build | Watch Tower |
| 18:39 | Create | Archer |
| 18:42 | Create | Villager (Male) |
| 18:47 | Create | Archer |
| 18:47 | Create | Archer |
| 18:48 | Create | Villager (Male) |
| 18:48 | Create | Villager (Male) |
| 18:53 | Build | Farm |
| 18:56 | Build | Farm |
| 18:56 | Build | Farm |
| 18:56 | Build | Farm |
| 18:56 | Build | Farm |
| 18:57 | Create | Villager (Male) |
| 19:24 | Build | House |
| 19:34 | Create | Villager (Male) |
| 19:39 | Create | Villager (Male) |
| 19:57 | Build | Palisade Wall |
| 19:57 | Build | Palisade Wall |
| 20:10 | Create | Villager (Male) |
| 20:18 | Create | Villager (Male) |
| 20:25 | Build | Watch Tower |
| 20:29 | Create | Archer |
| 20:31 | Create | Archer |
| 20:37 | Build | Market |
| 20:53 | Build | House |
| 21:02 | Create | Archer |
| 21:06 | Create | Archer |
| 21:31 | Create | Archer |
| 22:05 | Create | Archer |
| 22:14 | Create | Archer |
| 22:23 | Research | Castle Age |
| 22:37 | Build | House |
| 22:50 | Build | House |
| 23:01 | Create | Villager (Male) |
| 23:02 | Create | Villager (Male) |
| 23:03 | Create | Archer |
| 23:03 | Create | Archer |
| 23:05 | Create | Villager (Male) |
| 23:34 | Build | Stone Wall |
| 23:39 | Build | Stone Wall |
| 23:40 | Create | Villager (Male) |
| 23:52 | Create | Archer |
| 23:52 | Create | Archer |
| 23:59 | Create | Villager (Male) |
| 23:59 | Create | Villager (Male) |
| 24:06 | Create | Archer |
| 24:09 | Create | Spearman |
| 24:09 | Create | Spearman |
| 24:22 | Create | Villager (Male) |
| 24:36 | Build | Farm |
| 24:37 | Build | Farm |
| 24:37 | Build | Farm |
| 24:37 | Build | Farm |
| 24:38 | Build | Farm |
| 24:38 | Build | Farm |
| 24:41 | Build | Lumber Camp |
| 24:56 | Create | Spearman |
Build order — comfrick
First 150 of 180 actions detected
| 0:02 | Create | Villager (Male) |
| 0:03 | Create | Villager (Male) |
| 0:03 | Create | Villager (Male) |
| 0:03 | Create | Villager (Male) |
| 0:05 | Build | House |
| 0:05 | Build | House |
| 0:08 | Build | House |
| 1:31 | Build | Lumber Camp |
| 1:40 | Create | Villager (Male) |
| 1:40 | Create | Villager (Male) |
| 2:04 | Create | Villager (Male) |
| 2:05 | Create | Villager (Male) |
| 2:33 | Create | Villager (Male) |
| 2:33 | Create | Villager (Male) |
| 3:03 | Create | Villager (Male) |
| 3:03 | Create | Villager (Male) |
| 3:33 | Create | Villager (Male) |
| 3:33 | Create | Villager (Male) |
| 3:59 | Build | Dock |
| 4:04 | Create | Villager (Male) |
| 4:04 | Create | Villager (Male) |
| 4:32 | Create | Villager (Male) |
| 4:51 | Create | Villager (Male) |
| 5:06 | Build | House |
| 5:07 | Create | Fishing Ship |
| 5:29 | Create | Villager (Male) |
| 5:29 | Create | Villager (Male) |
| 5:47 | Create | Fishing Ship |
| 5:51 | Create | Villager (Male) |
| 6:17 | Create | Villager (Male) |
| 6:17 | Create | Villager (Male) |
| 6:31 | Build | House |
| 6:32 | Create | Fishing Ship |
| 6:35 | Create | Villager (Male) |
| 6:48 | Create | Villager (Male) |
| 7:17 | Create | Fishing Ship |
| 7:20 | Create | Villager (Male) |
| 7:25 | Build | Palisade Wall |
| 7:26 | Build | Palisade Wall |
| 7:31 | Create | Villager (Male) |
| 7:44 | Build | Mill |
| 7:55 | Build | House |
| 7:59 | Create | Villager (Male) |
| 8:44 | Create | Fishing Ship |
| 8:47 | Create | Villager (Male) |
| 9:15 | Build | Lumber Camp |
| 9:31 | Research | Loom |
| 9:31 | Research | Feudal Age |
| 10:07 | Build | Mining Camp |
| 10:35 | Create | Fishing Ship |
| 10:48 | Build | Barracks |
| 11:28 | Build | House |
| 12:07 | Build | Palisade Wall |
| 12:08 | Build | Palisade Wall |
| 12:09 | Age | Feudal Age |
| 12:11 | Create | Spearman |
| 12:12 | Build | Palisade Wall |
| 12:14 | Build | Palisade Wall |
| 12:16 | Build | Palisade Wall |
| 12:17 | Build | Palisade Wall |
| 12:18 | Build | Palisade Wall |
| 12:21 | Build | Palisade Wall |
| 12:23 | Build | Palisade Wall |
| 12:27 | Build | Palisade Wall |
| 12:30 | Create | Spearman |
| 12:33 | Build | House |
| 12:34 | Build | Palisade Wall |
| 12:36 | Build | Palisade Wall |
| 12:40 | Create | Spearman |
| 12:45 | Build | Watch Tower |
| 12:47 | Create | Spearman |
| 12:52 | Create | Villager (Male) |
| 12:52 | Create | Villager (Male) |
| 12:56 | Build | Market |
| 13:01 | Build | Stable |
| 13:02 | Create | Spearman |
| 13:14 | Create | Villager (Male) |
| 13:14 | Create | Villager (Male) |
| 13:22 | Create | Spearman |
| 13:28 | Create | Villager (Male) |
| 13:28 | Create | Villager (Male) |
| 14:03 | Build | House |
| 14:05 | Build | Palisade Wall |
| 14:06 | Build | Palisade Wall |
| 14:15 | Create | Villager (Male) |
| 14:22 | Build | House |
| 14:25 | Build | Palisade Wall |
| 14:27 | Build | Palisade Wall |
| 14:29 | Build | Palisade Wall |
| 14:30 | Create | Villager (Male) |
| 14:30 | Create | Villager (Male) |
| 14:34 | Create | Spearman |
| 14:51 | Build | House |
| 14:54 | Build | House |
| 14:56 | Build | Palisade Wall |
| 15:02 | Create | Villager (Male) |
| 15:05 | Create | Spearman |
| 15:12 | Build | Mining Camp |
| 15:26 | Create | Villager (Male) |
| 15:55 | Research | Town Watch |
| 16:33 | Create | Villager (Male) |
| 16:56 | Build | House |
| 16:57 | Build | House |
| 17:07 | Research | Castle Age |
| 17:51 | Build | Mining Camp |
| 18:35 | Create | Spearman |
| 18:43 | Research | Double-Bit Axe |
| 19:38 | Build | Palisade Wall |
| 19:47 | Age | Castle Age |
| 19:51 | Research | Pikeman (upgrade) |
| 20:17 | Create | Villager (Male) |
| 20:25 | Create | Knight |
| 20:25 | Create | Knight |
| 21:06 | Create | Knight |
| 21:08 | Create | Knight |
| 21:19 | Create | Knight |
| 22:03 | Build | Mining Camp |
| 22:28 | Create | Villager (Male) |
| 22:28 | Create | Villager (Male) |
| 23:08 | Create | Villager (Male) |
| 23:08 | Create | Villager (Male) |
| 23:09 | Create | Villager (Male) |
| 23:23 | Build | Blacksmith |
| 23:41 | Create | Knight |
| 23:41 | Create | Knight |
| 24:13 | Create | Villager (Male) |
| 24:13 | Create | Villager (Male) |
| 24:50 | Create | Villager (Male) |
| 24:50 | Create | Villager (Male) |
| 24:56 | Build | Siege Workshop |
| 25:02 | Create | Fishing Ship |
| 25:03 | Create | Fishing Ship |
| 25:12 | Research | Fletching |
| 25:17 | Build | Farm |
| 25:19 | Build | Farm |
| 25:21 | Build | Farm |
| 25:33 | Build | Monastery |
| 25:35 | Create | Battering Ram |
| 26:04 | Create | Villager (Male) |
| 26:06 | Create | Monk |
| 26:17 | Create | Villager (Male) |
| 26:32 | Create | Villager (Male) |
| 26:44 | Create | Villager (Male) |
| 26:52 | Build | Outpost |
| 26:55 | Create | Villager (Male) |
| 27:02 | Create | Battering Ram |
| 27:12 | Create | Monk |
| 27:17 | Create | Villager (Male) |
| 27:28 | Build | Lumber Camp |
| 27:42 | Create | Villager (Male) |
Match timeline
| 3:59 | comfrick · first_building Dock |
| 7:25 | comfrick · wall_segment Palisade Wall x1 |
| 7:26 | comfrick · wall_segment Palisade Wall x1 |
| 8:30 | DS_Tortafuller · first_building Barracks |
| 9:49 | DS_Tortafuller · age_up feudal |
| 9:55 | DS_Tortafuller · first_building Stable |
| 10:48 | comfrick · first_building Barracks |
| 10:54 | DS_Tortafuller · wall_segment Palisade Wall x1 |
| 12:07 | comfrick · wall_segment Palisade Wall x1 |
| 12:08 | comfrick · wall_segment Palisade Wall x2 |
| 12:09 | comfrick · age_up feudal |
| 12:12 | comfrick · wall_segment Palisade Wall x1 |
| 12:14 | comfrick · wall_segment Palisade Wall x1 |
| 12:16 | comfrick · wall_segment Palisade Wall x1 |
| 12:17 | comfrick · wall_segment Palisade Wall x1 |
| 12:18 | comfrick · wall_segment Palisade Wall x1 |
| 12:21 | comfrick · wall_segment Palisade Wall x1 |
| 12:23 | comfrick · wall_segment Palisade Wall x1 |
| 12:27 | comfrick · wall_segment Palisade Wall x1 |
| 12:34 | comfrick · wall_segment Palisade Wall x1 |
| 12:36 | comfrick · wall_segment Palisade Wall x1 |
| 13:01 | comfrick · first_building Stable |
| 13:35 | DS_Tortafuller · first_building Archery Range |
| 14:05 | comfrick · wall_segment Palisade Wall x1 |
| 14:06 | comfrick · wall_segment Palisade Wall x1 |
| 14:25 | comfrick · wall_segment Palisade Wall x1 |
| 14:27 | comfrick · wall_segment Palisade Wall x1 |
| 14:29 | comfrick · wall_segment Palisade Wall x1 |
| 14:56 | comfrick · wall_segment Palisade Wall x1 |
| 16:15 | comfrick · first_market_buy 100 food |
| 16:16 | comfrick · first_market_sell 100 wood |
| 19:38 | comfrick · wall_segment Palisade Wall x1 |
| 19:47 | comfrick · age_up castle |
| 19:57 | DS_Tortafuller · wall_segment Palisade Wall x1 |
| 19:57 | DS_Tortafuller · wall_segment Palisade Wall x1 |
| 23:34 | DS_Tortafuller · wall_segment Stone Wall x1 |
| 23:39 | DS_Tortafuller · wall_segment Stone Wall x1 |
| 24:56 | comfrick · first_building Siege Workshop |
| 25:03 | DS_Tortafuller · age_up castle |
| 25:03 | DS_Tortafuller · wall_segment Palisade Wall x1 |
| 25:32 | DS_Tortafuller · wall_segment Palisade Wall x1 |
| 25:33 | comfrick · first_building Monastery |
| 25:33 | DS_Tortafuller · wall_segment Palisade Wall x1 |
| 25:46 | DS_Tortafuller · wall_segment Palisade Wall x1 |
| 26:00 | DS_Tortafuller · first_market_buy 100 food |
| 26:34 | DS_Tortafuller · first_building Castle |
| 29:25 | DS_Tortafuller · first_building Monastery |
| 29:49 | comfrick · wall_segment Stone Wall x6 |
| 33:35 | comfrick · first_building Castle |
| 35:47 | DS_Tortafuller · first_building Siege Workshop |
| 37:36 | DS_Tortafuller · age_up imperial |
| 39:14 | DS_Tortafuller · first_building Dock |
| 43:17 | comfrick · resign |
[ AI ANALYSIS · 1 CREDIT ]
What really happened in this match?
Wolo.gg analyzes every decision: build order, eco, micro, common mistakes by bracket. Personalized analysis on WhatsApp or Discord in 30 seconds.
Civ guide
Hindustanis
Perfil
Jugador #5540767